 Dungeon Crawl Stone Soup version 0.27-a0-1217-g8a41f320e8 (webtiles) character file.

Game seed: 637235163213814046

77 polve the Cutter (level 4, -1/35 HPs)
             Began as a Demonspawn Abyssal Knight on June 5, 2021.
             Was a Follower of Lugonu.
             Slain by a quokka (2 damage)
             ... on level 4 of the Dungeon.
             The game lasted 00:01:41 (2277 turns).

polve the Cutter (Demonspawn Abyssal Knight)        Turns: 2277, Time: 00:01:42

Health: -1/35      AC:  3    Str: 13    XL:     4   Next: 13%
Magic:  5/5        EV: 11    Int: 13    God:    Lugonu [*.....]
Gold:   109        SH:  4    Dex: 13    Spells: 3/3 levels left

rFire    . . .     SeeInvis .   a - +1 short sword
rCold    . . .     Faith    .   (no shield)
rNeg     . . .     Spirit   .   b - +0 leather armour
rPois    .         Reflect  .   (helmet restricted)
rElec    .         Harm     .   (no cloak)
rCorr    .         Rampage  .   (no gloves)
Will     .....                  (no boots)
Stlth    +.........             (no amulet)
HPRegen  0.11/turn              (no ring)
MPRegen  0.09/turn              (no ring)

@: no status effects
A: horns 2, large bone plates 1
a: Renounce Religion, Depart the Abyss


You were on level 4 of the Dungeon.
You worshipped Lugonu.
Lugonu was aware of your devotion.
You visited 1 branch of the dungeon, and saw 4 of its levels.
You visited the Abyss 1 time.

You collected 109 gold pieces.

Inventory:

Hand Weapons
 a - a +1 short sword (weapon)
Armour
 b - a +0 leather armour (worn)
Scrolls
 d - a scroll of noise {unknown}
 f - 2 scrolls of identify {unknown}
 h - 2 scrolls of immolation {unknown}
 k - a scroll of teleportation {unknown}
 m - a scroll of magic mapping {unknown}
Potions
 c - 4 potions of degeneration {unknown}
 e - a potion of magic {unknown}
 g - 2 potions of berserk rage {unknown}
 i - a potion of flight {unknown}
 j - a potion of attraction {unknown}
 l - 3 potions of curing {unknown}


   Skills:
 + Level 3.1 Fighting
 - Level 4.0 Short Blades
 - Level 1.7 Armour
 - Level 0.8 Dodging
 - Level 2.4 Invocations


You had 3 spell levels left.
You didn't know any spells.
Your spell library was empty.

Dungeon Overview and Level Annotations

Branches:
Dungeon (4/15)
 Temple: D:4-7

Altars:
Ru

Annotations:
D:3 Grinder


Innate Abilities, Weirdness & Mutations

You have a pair of horns on your head.
You are partially covered in large bone plates. (SH +4)


Message History

The bat hits you.
* * * LOW HITPOINT WARNING * * *
The bat hits you but does no damage.
Grinder says, "What is the universe for?"
You block the bat's attack. The bat closely misses you.
Grinder blinks!
You block the bat's attack. The bat hits you but does no damage.
Grinder blinks!
The bat barely misses you.
Grinder blinks!
The bat hits you but does no damage. The bat barely misses you.
You block the bat's attack. The bat closely misses you.
The bat hits you but does no damage.
Grinder blinks!
The bat barely misses you. The bat barely misses you.
The bat hits you but does no damage. The bat misses you. The bat hits you.
* * * LOW HITPOINT WARNING * * *
The bat barely misses you. The bat hits you.
* * * LOW HITPOINT WARNING * * *
The bat hits you but does no damage. x2
The bat hits you.
* * * LOW HITPOINT WARNING * * *
The bat hits you but does no damage. The bat misses you.
Grinder blinks!
The bat barely misses you.
There is a stone staircase leading down here.
The bat barely misses you. The bat misses you.
You climb downwards.
You hear the sound of rushing water.
There is an entrance to a sewer on this level.
Hurry and find it before the portal rusts away!
A quokka and a phantom come into view.
Found a scroll labelled YRUFEAZ JUSAI and 14 gold pieces.
There is a stone staircase leading up here.
A quokka comes into view.
The quokka bites you.
* * * LOW HITPOINT WARNING * * *
The quokka bites you.
You die...

# ...
##.#.##########...
...[.............
#@####.....
#r#.....# #.rr.#.#
###.....#
###..W...###
............#####.#
..#.......#........
..........#....####
...$..####.....#


You could see a phantom and 2 quokkas.

Vanquished Creatures
  A hound (D:2)
  2 ball pythons
  6 endoplasms
  6 giant cockroaches
  3 hobgoblins
  2 jackals (D:1)
  8 bats
  A frilled lizard (D:1)
  6 goblins
  4 kobolds
  A rat (D:3)
40 creatures vanquished.

Vanquished Creatures (others)
  2 starspawn tentacles (Abyss:1)
2 creatures vanquished.

Grand Total: 42 creatures vanquished

Notes
Turn   | Place    | Note
-------+----------+-------------------------------------------
     0 | Abyss:1  | polve the Demonspawn Abyssal Knight began the quest for the
                  | Orb.
     0 | Abyss:1  | Reached XP level 1. HP: 18/18 MP: 2/2
    26 | Abyss:1  | Found a corrupted altar of Lugonu.
    48 | Abyss:1  | Noticed a tentacled starspawn
    72 | D:1      | Escaped the Abyss
   107 | D:1      | Found a faded altar of an unknown god.
   138 | D:1      | Reached skill level 2 in Short Blades
   245 | D:1      | Reached * piety under Lugonu
   272 | D:1      | Gained mutation: You are partially covered in large bone
                  | plates. (SH +4) [demonic ancestry]
   272 | D:1      | Reached XP level 2. HP: 19/24 MP: 3/3
   800 | D:1      | Reached skill level 3 in Short Blades
  1253 | D:2      | Gained mutation: You have a pair of small horns on your
                  | head. [demonic ancestry]
  1253 | D:2      | Reached XP level 3. HP: 28/29 MP: 4/4
  1792 | D:2      | Reached skill level 4 in Short Blades
  1792 | D:2      | Gained mutation: You have a pair of horns on your head.
                  | [demonic ancestry]
  1792 | D:2      | Reached XP level 4. HP: 35/35 MP: 5/5
  2225 | D:3      | Found a sacrificial altar of Ru.
  2232 | D:3      | Noticed Grinder
  2265 | D:4      | Noticed a phantom
  2272 | D:4      | HP: 1/35 [quokka (2)]
  2277 | D:4      | Slain by a quokka

Illustrated notes

Levels and vault maps discovered:
D:1:      lemuel_arrival_broad_hall, layout_loops_cross,
          ebering_ecumenical_altar_mist, minmay_cut_off
D:2:      layout_basic
D:3:      layout_loops_cross, marbit_many_paths,
          nicolae_ru_sacrificial_ziggurat, yredelemnul_altar_generic,
          nicolae_overflow_hidden_temple, uniq_grinder
D:4:      layout_rooms, nicolae_elyvilon_peaceful_grove, lemuel_doored_altar,
          gup_sewer_entry_spiral

Skill      XL: |  1  2  3 |
---------------+----------+-----
Short Blades   | 2 3 4 |  4.0
Fighting       | |  3.1
Armour         | |  1.7
Dodging        | |  0.8
Invocations    | |  2.4

Action                   |  1- 3 |  4- 6 || total
-------------------------+-------+-------++-------
Melee: Short sword       |   116 |    19 ||   135
       Headbutt          |     3 |     1 ||     4
Invok: Depart the Abyss  |     1 |       ||     1
Armor: Leather armour    |    50 |    10 ||    60
Dodge: Dodged            |    75 |    25 ||   100
Block: Other             |    12 |     8 ||    20

Table legend: (Time is in decaauts)
 A = Elapsed time spent in this place.
 B = Non-inter-level travel time spent in this place.
 C = Inter-level travel time spent in this place.
 D = Time resting spent in this place.
 E = Time spent auto-exploring this place.
 F = Levels seen in this place.
 G = Mean time per level.
                   A        B        C        D        E       F      G
               +--------+--------+--------+--------+--------+-----+--------+
         Total |   2269 |   2226 |     43 |      0 |   1872 |   5 |  453.8 |
       Dungeon |   2197 |   2154 |     43 |      0 |   1820 |   4 |  549.2 |
         Abyss |     72 |     72 |      0 |      0 |     52 |   1 |   72.0 |
               +--------+--------+--------+--------+--------+-----+--------+

Top non-repeatable levels by time:
     D:1: 1167 daAuts
     D:2: 685 daAuts
     D:3: 332 daAuts
 Abyss:1: 72 daAuts
     D:4: 11 daAuts
